 Dungeon Sprint DCSS version 0.32-a0-898-g7811c86cf0 (webtiles) character file.

Game seed: 6440155462287566290

53 Hellmel the Apothecary (level 3, 0/24 HPs)
             Began as a Demonspawn Alchemist on Apr 4, 2024.
             Slain by an iguana (11 damage)
             ... in the Dungeon (Sprint IX: "|||||||||||||||||||||||||||||").
             The game lasted 00:01:34 (126 turns).

Hellmel the Apothecary (Demonspawn Alchemist)        Turns: 126, Time: 00:01:34

Health: 0/24       AC:  2    Str:  8    XL:     3   Next: 62%
Magic:  6/8        EV: 11    Int: 17    God:
Gold:   0          SH:  0    Dex: 13    Spells: 8/9 levels left

rFire   . .          .
                       - Unarmed
rCold   . . .        (no shield)
rNeg    . . .        a - +0 robe
rPois   .            (no helmet)
rElec   .            (no cloak)
rCorr   .            (no gloves)
SInv    .            (no boots)
Will    .....        (no amulet)
Stlth   ++           (no ring)
HPRegen 0.24/turn    (no ring)
MPRegen 0.11/turn

%: no teleportation
@: on berserk cooldown
A: demonic touch 2
a: no special abilities


You were in the Dungeon.
You visited 1 branch

Inventory:

Armour
 a - a +0 robe (worn)
Scrolls
 g - a scroll of blinking
Potions
 b - 3 potions of magic
 c - a potion of curing
 d - a potion of heal wounds
 e - a potion of haste


   Skills:
 + Level 2.9 Dodging
 + Level 2.6 Stealth
 + Level 1.5 Unarmed Combat
 + Level 3.5 Spellcasting
 + Level 1.5 Conjurations
 + Level 5.7 Alchemy


You had 8 spell levels left.
You knew the following spells:

 Your Spells              Type           Power      Damage    Failure   Level
a - Sting                 Conj/Alch      60%        1d6       3%          1

Your spell library contained the following spells:

 Spells                   Type           Power      Damage    Failure   Level
 Mercury Vapours          Alch/Air       24%        N/A       8%          2
 Olgreb's Toxic Radiance  Alch           22%        N/A       16%         4
 Mephitic Cloud           Conj/Alch/Air  11%        N/A       19%         3
 Sticky Flame             Fire/Alch      12%        2d5       45%         4


Dungeon Overview and Level Annotations

Branches:
Dungeon (1/1)

Altars:


Innate Abilities, Weirdness & Mutations

Your touch may inflict irresistible damage on your foes.


Message History

The gnoll hits you with a +0 club.
You punch the gnoll!
You touch the gnoll.
You kill the gnoll!
The orc barely misses you.
You see here a +0 club.
You hit the orc.
The orc is almost dead.
You hit the orc but do no damage.
The orc is almost dead.
The orc hits you with a +0 short sword.
You punch the orc!
You kill the orc!
You are no longer berserk.
You are exhausted.
You feel yourself slow down.
Items here: )) [ ††.
There is an open door to the Dungeon here.
You see here a hobgoblin corpse.
Okay, then.
You see here a hobgoblin corpse.
There is an open door to the Dungeon here.
Items here: )) [ ††.
You close the door.
You start resting.
You feel yourself speed up.
You open the door.
Casting: Sting (safe; 3% risk of failure)
Confirm with . or Enter, or press ? or * to list all spells.
You don't know that spell.
There is an open door to the Dungeon here.
Sorry, you're not good enough to have a special ability.
The iguana hisses angrily.
The iguana misses you.
You see here a hobgoblin corpse.
You completely miss the iguana. You barely miss the iguana.
The iguana bites you!
Ouch! That really hurt!
You hit the iguana but do no damage. Your touch misses the iguana.
The iguana bites you!
You die...

▓.▓
▓.▓
▓.▓
▓'▓
▓.▓
▓.▓
▓.▓
▓l▓
▓@▓
▓'▓
▓)▓
▓)▓
▓.▓
▓<▓
▓▓▓


You could see an iguana.

Vanquished Creatures
  A jelly (D)
  A gnoll (D)
  A dart slug (D)
  2 orcs (D)
  3 hobgoblins (D)
  A rat (D)
9 creatures vanquished.

Notes
Turn   | Place    | Note
-------+----------+-------------------------------------------
     0 | D        | Hellmel the Demonspawn Alchemist began the quest for the
                  | Orb.
     0 | D        | Reached XP level 1. HP: 13/13 MP: 3/3
    24 | D        | Reached skill level 4 in Alchemy
    75 | D        | Noticed an iguana
    75 | D        | Noticed a jelly
    90 | D        | Gained mutation: Your touch may inflict minor irresistible
                  | damage on your foes. [demonic ancestry]
    90 | D        | Reached XP level 2. HP: 19/19 MP: 2/5
    94 | D        | Reached skill level 1 in Unarmed Combat
    94 | D        | Reached skill level 5 in Alchemy
    94 | D        | Gained mutation: Your touch may inflict irresistible damage
                  | on your foes. [demonic ancestry]
    94 | D        | Reached XP level 3. HP: 24/24 MP: 2/7
   126 | D        | Slain by an iguana

Illustrated notes

Levels and vault maps discovered:
D:        linesprint [early_d, line_temple, items_1, d_10, items_2, lair_1,
          lair_end, items_3, orc_1, orc_end, items_4, d_15, swamp_1, shoals_1,
          snake_1, spider_1, d_20, vaults_1, items_5, swamp_end, shoals_end,
          snake_end, spider_end, vaults_end, d_27, items_6, zot_1, zot_end,
          crypt_end, forest_end, elf_end, slime_end, tomb_end, abyss_end,
          pan_hell_end]

Skill      XL: |  1  2 |
---------------+-------+-----
Dodging        | 2 |  2.9
Stealth        | 2 |  2.6
Alchemy        | 4 5 |  5.7
Unarmed Combat | 1 |  1.5
Spellcasting   | 3 |  3.5
Conjurations   | |  1.5

Action                     || total
---------------------------++-------
  Melee: Unarmed           ||    31
         Touch             ||     2
   Cast: Sting             ||     7
    Use: Potion            ||     1
 Armour: Robe              ||     9
  Dodge: Dodged            ||    17

Table legend: (Time is in decaauts)
 A = Elapsed time spent in this place.
 B = Non-inter-level travel time spent in this place.
 C = Inter-level travel time spent in this place.
 D = Time resting spent in this place.
 E = Time spent auto-exploring this place.
 F = Levels seen in this place.
 G = Mean time per level.
                   A        B        C        D        E       F      G
               +--------+--------+--------+--------+--------+-----+--------+
         Total |    130 |    130 |      0 |     48 |      0 |   1 |  130.0 |
       Dungeon |    130 |    130 |      0 |     48 |      0 |   1 |  130.0 |
               +--------+--------+--------+--------+--------+-----+--------+

Top non-repeatable levels by time:
       D: 130 daAuts
